 Dungeon Crawl Stone Soup version 0.32-a0-953-g508020473e (webtiles) character file.

Game seed: 14670775798748799324

53 innerfire43 the Sneak (level 3, -2/28 HPs)
             Began as a Demonspawn Wanderer on Apr 16, 2024.
             Was an Initiate of Qazlal.
             Slain by a quokka (4 damage)
             ... on level 3 of the Dungeon.
             The game lasted 00:03:06 (1635 turns).

innerfire43 the Sneak (Demonspawn Wanderer)         Turns: 1635, Time: 00:03:07

Health: -2/28      AC:  2    Str: 10    XL:     3   Next: 64%
Magic:  4/4        EV:  8    Int: 12    God:    Qazlal [......]
Gold:   79         SH:  7    Dex: 16    Spells: 3/4 levels left

rFire   . . .        a - +3 dagger
rCold   . . .        o - +0 kite shield
rNeg    . . .        d - +0 robe
rPois   .            (no helmet)
rElec   .            (no cloak)
rCorr   +            (no gloves)
SInv    .            (no boots)
Will    .....        (no amulet)
Stlth   +++          f - ring of resist corrosion
HPRegen 0.24/turn    (no ring)
MPRegen 0.09/turn

%: no passive effects
@: no status effects
A: weakness stinger 1
a: Renounce Religion


You were on level 3 of the Dungeon.
You worshipped Qazlal.
Qazlal was noncommittal.
You visited 1 branch of the dungeon, and saw 3 of its levels.

You collected 79 gold pieces.

Inventory:

Hand Weapons
 a - a +3 dagger (weapon)
Armour
 d - a +0 robe (worn)
 o - a +0 kite shield (worn)
Jewellery
 f - a ring of resist corrosion (left hand)
Talismans
 e - a blade talisman
 m - a blade talisman
Scrolls
 b - a scroll of butterflies
 c - a scroll of teleportation
 g - a scroll of vulnerability
 h - 2 scrolls of identify
 l - a scroll of amnesia {unknown}
Potions
 i - a potion of mutation {unknown}
 j - a potion of brilliance {unknown}
 k - a potion of cancellation {unknown}
 n - 2 potions of might {unknown}


   Skills:
 + Level 2.5 Fighting
 - Level 1.0 Short Blades
 - Level 1.0 Dodging
 - Level 3.6 Stealth
 + Level 0.0 Shields
 - Level 1.0 Spellcasting
 - Level 1.0 Ice Magic
 + Level 0.4 Invocations
 - Level 1.0 Evocations
 * Level 2.0 Shapeshifting


You had 3 spell levels left.
You knew the following spells:

 Your Spells              Type           Power      Damage    Failure   Level
a - Freeze                Ice            12%        1d3       73%         1

Your spell library contained the following spells:

 Spells                   Type           Power      Damage    Failure   Level
 Frozen Ramparts          Ice            6%         1d1       97%         3
 Hailstorm                Conj/Ice       1%         3d5       99%         3
 Summon Ice Beast         Ice/Summ       1%         N/A       99%         3


Dungeon Overview and Level Annotations

Branches:
Dungeon (3/15)

Altars:
Qazlal

Annotations:
D:3 Terence


Innate Abilities, Weirdness & Mutations

You have a small tail.


Message History

There is a stone staircase leading down here.
You climb downwards.
There is a stone staircase leading up here.
You now have 69 gold pieces (gained 15).
You now have 79 gold pieces (gained 10).
An endoplasm comes into view.
Terence and an endoplasm come into view.
Terence is wielding a +0 heavy flail.
Terence shouts!
There are monsters nearby!
A quokka comes into view.
A hobgoblin comes into view.
A ball python comes into view.
The hobgoblin shouts!
Terence hits you with a +0 heavy flail!
Ouch! That really hurt!
You are too injured to fight recklessly!
You are too injured to fight recklessly!
The quokka attacks as it pursues you! The quokka closely misses you.
You closely miss the quokka.
The ball python hisses angrily.
You tail-slap the quokka.
The quokka is moderately wounded.
The quokka barely misses you.
The quokka bites you but does no damage.
You closely miss the quokka.
The quokka is moderately wounded.
The quokka bites you.
You hit the quokka.
The quokka is heavily wounded.
The quokka bites you. The quokka completely misses you.
You hit the quokka.
Your tail-slap misses the quokka.
The quokka is severely wounded.
The quokka bites you.
* * * LOW HITPOINT WARNING * * *
You closely miss the quokka.
The quokka is severely wounded.
The quokka bites you.
* * * LOW HITPOINT WARNING * * *
The quokka bites you.
You die...

#....# #....# #....#
#.#####....#
#..........#
######.....########
#...........<# #######
#......#######
.......####@..........#
.........@r##+#######.#
.........Sg#
...........#
...........#
...........#
...........+
......?....#
......######


You could see Terence, a quokka, a hobgoblin and a ball python.

Vanquished Creatures
  A ribbon worm (D:2)
  A dart slug (D:2)
  5 endoplasms
  4 giant cockroaches
  9 goblins
  A hobgoblin (D:1)
  3 jackals (D:2)
  2 kobolds (D:1)
  3 quokkas (D:2)
  2 ball pythons
  5 bats
  A frilled lizard (D:2)
  5 rats
42 creatures vanquished.

Notes
Turn   | Place    | Note
-------+----------+-------------------------------------------
     0 | D:1      | innerfire43 the Demonspawn Wanderer began the quest for the
                  | Orb.
     0 | D:1      | innerfire43 set off with the following items: a +3 dagger,
                  | a scroll of butterflies, a scroll of teleportation, a +0
                  | robe; and the following spell memorised: Freeze; and the
                  | following spells available to memorise: Summon Ice Beast.
     0 | D:1      | Reached XP level 1. HP: 16/16 MP: 2/2
   173 | D:1      | Gained mutation: You have a small tail. [demonic ancestry]
   173 | D:1      | Reached XP level 2. HP: 8/22 MP: 3/3
   976 | D:2      | Reached XP level 3. HP: 28/28 MP: 4/4
  1003 | D:2      | Reached skill level 1 in Short Blades
  1129 | D:2      | Found a stormy altar of Qazlal.
  1134 | D:2      | Reached skill level 1 in Dodging
  1162 | D:2      | Became a worshipper of Qazlal Stormbringer
  1623 | D:3      | Noticed Terence
  1635 | D:3      | Slain by a quokka

Illustrated notes

Levels and vault maps discovered:
D:1:      dpeg_arrival_rooms_c, layout_loops_ring, minmay_3d_cube
D:2:      layout_basic, basic_altar, grunt_ministairs_11
D:3:      layout_basic, uniq_terence

Skill      XL: |  1  2  3 |
---------------+----------+-----
Short Blades   | 1 |  1.0
Dodging        | 1 |  1.0
Shapeshifting  | 2 |  2.0
Fighting       | |  2.5
Stealth        | |  3.6
Spellcasting   | |  1.0
Ice Magic      | |  1.0
Invocations    | |  0.4
Evocations     | |  1.0

Action                     || total
---------------------------++-------
  Melee: Dagger            ||   104
         Tailslap          ||     7
    Use: Scroll            ||     1
         Potion            ||     1
   Stab: Sleeping          ||    10
 Armour: Robe              ||    63
  Dodge: Dodged            ||    54

Table legend: (Time is in decaauts)
 A = Elapsed time spent in this place.
 B = Non-inter-level travel time spent in this place.
 C = Inter-level travel time spent in this place.
 D = Time resting spent in this place.
 E = Time spent auto-exploring this place.
 F = Levels seen in this place.
 G = Mean time per level.
                   A        B        C        D        E       F      G
               +--------+--------+--------+--------+--------+-----+--------+
         Total |   1631 |   1414 |    217 |      0 |   1099 |   3 |  543.7 |
       Dungeon |   1631 |   1414 |    217 |      0 |   1099 |   3 |  543.7 |
               +--------+--------+--------+--------+--------+-----+--------+

Top non-repeatable levels by time:
     D:2: 829 daAuts
     D:1: 762 daAuts
     D:3: 39 daAuts
